 Dungeon Crawl Stone Soup version 0.23-a0-344-ge122d05 (webtiles) character file.

233 Gorice the Magician (level 6, -2/44 HPs)
             Began as a Gnoll Wanderer on Oct 19, 2018.
             Slain by an ogre
             ... wielding a +0 giant club
              (21 damage)
             ... on level 4 of the Dungeon.
             The game lasted 00:09:08 (4320 turns).

Gorice the Magician (Gnoll Wanderer)                Turns: 4320, Time: 00:09:08

Health: -2/44      AC:  8    Str: 14    XL:     6   Next: 5%
Magic:  16/16      EV:  6    Int: 14    God:
Gold:   260        SH:  0    Dex: 17    Spells: 19/19 levels left

rFire    + . .     SeeInvis .   a - +2 hand axe (chop)
rCold    + . .     Gourm    .   (no shield)
rNeg     . . .     Faith    .   c - +0 chain mail
rPois    .         Spirit   .   (no helmet)
rElec    .         Reflect  .   j - scarf {rC+ rF+}
rCorr    .         Harm     .   (no gloves)
MR       .....     Rnd*Tele +   (no boots)
Stlth    ..........             (no amulet)
HPRegen  0.14/turn              p - ring of teleportation (curse)
MPRegen  0.15/turn              (no ring)

@: no status effects
A: distributed training, fangs 1, strong nose
a: no special abilities


You were on level 4 of the Dungeon.
You were hungry.

You visited 1 branch of the dungeon, and saw 4 of its levels.

You collected 260 gold pieces.

Inventory:

Hand Weapons
 a - a +2 hand axe of chopping (weapon)
   (You found it on level 1 of the Dungeon)
 e - a +0 dagger
 u - a +0 war axe
Missiles
 b - 56 sling bullets
 o - 18 bolts
 t - 2 tomahawks (quivered)
 Y - 259 stones
Armour
 c - a +0 chain mail (worn)
 d - a +0 robe
 j - a scarf of resistance (worn)
   (You found it on level 3 of the Dungeon)
 m - a +0 buckler
Jewellery
 p - a cursed ring of teleportation (left hand)
Wands
 g - a wand of enslavement (15)
 r - a wand of iceblast (6)
Scrolls
 h - a scroll of magic mapping {!r}
 i - 8 scrolls of identify
 k - a scroll of remove curse
 s - a scroll of enchant armour {unknown}
Potions
 l - a potion of heal wounds {!q}
 n - a potion of invisibility {unknown}
 q - 3 potions of agility {!q}
Comestibles
 f - 7 rations


   Skills:
 + Level 1.7 Fighting
 + Level 1.7 Short Blades
 + Level 1.7 Long Blades
 + Level 1.7 Axes
 + Level 1.7 Maces & Flails
 + Level 1.7 Polearms
 + Level 1.7 Staves
 + Level 1.7 Slings
 + Level 1.7 Bows
 + Level 1.7 Crossbows
 + Level 3.1 Throwing
 + Level 1.7 Armour
 + Level 1.7 Dodging
 + Level 1.7 Stealth
 + Level 1.7 Shields
 + Level 1.7 Unarmed Combat
 + Level 7.3 Spellcasting
 + Level 1.3 Conjurations
 + Level 2.5 Hexes
 + Level 1.3 Charms
 + Level 2.5 Summonings
 + Level 1.3 Necromancy
 + Level 1.3 Translocations
 + Level 1.3 Transmutations
 + Level 1.3 Fire Magic
 + Level 1.3 Ice Magic
 + Level 1.3 Air Magic
 + Level 4.0 Earth Magic
 + Level 2.5 Poison Magic
 + Level 1.9 Invocations
 + Level 3.1 Evocations


You had 19 spell levels left.
You didn't know any spells.
Your spell library contained the following spells:

 Spells                   Type           Power        Failure   Level  Hunger
 Corona                   Hex            ##.....      78%         1    None
 Flame Tongue             Conj/Fire      #....        91%         1    None
 Ignite Poison            Fire/Tmut/Pois ##......     99%         3    ##.....
 Portal Projectile        Hex/Tloc       ##....       99%         3    ##.....


Dungeon Overview and Level Annotations

Branches:
Dungeon (4/15)
 Temple: D:4-7

Altars:


Innate Abilities, Weirdness & Mutations

Your experience applies equally to all skills.
You have very sharp teeth.
Your uncanny sense of smell can sniff out nearby items.


Message History

Found a stone staircase leading down.
s - a scroll labeled WAYMOC NAEXEH You see here a war axe.
u - a war axe A jackal comes into view.
The jackal barks!
You hear a bark! x2
The jackal moves out of view.
You hear a shout!
An orc and an ogre come into view.
The orc shouts!
You hear a shout!
You hear a bark!
The ogre moves out of view.
A jackal comes into view.
The jackal barks!
You hear a shout!
Throwing (i - inventory. (/) - cycle)
t - 5 tomahawks (quivered)
Press: ? - help, Shift-Dir - straight line, f - ogre
Aim: an ogre, wielding a +0 giant club You throw a tomahawk.
The tomahawk hits the ogre.
The ogre is lightly wounded.
Throwing (i - inventory. (/) - cycle)
t - 4 tomahawks (quivered)
Press: ? - help, Shift-Dir - straight line, f/p - ogre
Aim: an ogre, wielding a +0 giant club (lightly wounded)
You throw a tomahawk. The tomahawk closely misses the ogre.
The tomahawk hits the orc!
You kill the orc!
Throwing (i - inventory. (/) - cycle)
t - 3 tomahawks (quivered)
Press: ? - help, Shift-Dir - straight line, f/p - ogre
Aim: an ogre, wielding a +0 giant club (lightly wounded)
You throw a tomahawk. The tomahawk barely misses the ogre.
The tomahawk hits the jackal.
The jackal is moderately wounded.
You barely miss the ogre. Your bite misses the ogre.
The ogre is lightly wounded.
The ogre hits you with a +0 giant club!
Damage: 16 (max 16)
You slash the ogre!
The ogre is heavily wounded.
The ogre barely misses you.
You hit the ogre.
The ogre is severely wounded.
The ogre completely misses you.
You hit the ogre but do no damage.
The ogre is severely wounded.
The ogre hits you with a +0 giant club!
* * * LOW HITPOINT WARNING * * *
Damage: 11 (max 16) Unknown command.
Evoke which item? (* to show all) (? for menu, Esc to quit)
Okay, then.
The ogre hits you with a +0 giant club!!
You die...

#########....#.####....
#>.....................
.#####.#....#.####.... .
#.##.##.######.########...
#..........h.......(......
####.##.###############...
#.##h######### .
#.##.O.......#
#.....@.......
#.#######.##.# #.##### #
#....(# #.###.# #.# ∆ #.#
#.# .. #.# #. #


You could see an ogre and a jackal.

Vanquished Creatures
  2 worker ants
  A killer bee zombie (D:4)
  A howler monkey skeleton (D:4)
  A gnoll (D:1)
  6 adders
  An ooze (D:1)
  2 worms (D:2)
  3 dart slugs
  2 leopard geckos
  5 orcs
  3 giant cockroaches
  7 goblins
  6 hobgoblins
  5 jackals
  A quokka (D:2)
  7 bats
  4 frilled lizards
  8 kobolds
  7 rats
72 creatures vanquished.

Notes
Turn   | Place    | Note
-------+----------+-------------------------------------------
     0 | D:1      | Gorice the Gnoll Wanderer began the quest for the Orb.
     0 | D:1      | Gorice set off with: a wand of enslavement (15), a +0 robe,
                  | a +0 dagger, a ration
     0 | D:1      | Reached XP level 1. HP: 13/13 MP: 8/8
   259 | D:1      | Reached skill level 2 in Hexes
   259 | D:1      | Reached skill level 2 in Summonings
   259 | D:1      | Reached skill level 2 in Poison Magic
   292 | D:1      | Reached XP level 2. HP: 15/19 MP: 10/10
   474 | D:1      | HP: 3/20 [gnoll/+0 spear (8)]
   475 | D:1      | Reached XP level 3. HP: 4/25 MP: 11/11
   898 | D:1      | Reached skill level 1 in Invocations
  1067 | D:1      | Reached skill level 1 in Fighting
  1067 | D:1      | Reached skill level 1 in Short Blades
  1067 | D:1      | Reached skill level 1 in Long Blades
  1067 | D:1      | Reached skill level 1 in Axes
  1067 | D:1      | Reached skill level 1 in Maces & Flails
  1067 | D:1      | Reached skill level 1 in Polearms
  1067 | D:1      | Reached skill level 1 in Staves
  1067 | D:1      | Reached skill level 1 in Slings
  1067 | D:1      | Reached skill level 1 in Bows
  1067 | D:1      | Reached skill level 1 in Crossbows
  1067 | D:1      | Reached skill level 1 in Armour
  1067 | D:1      | Reached skill level 1 in Dodging
  1067 | D:1      | Reached skill level 1 in Stealth
  1067 | D:1      | Reached skill level 1 in Shields
  1067 | D:1      | Reached skill level 1 in Unarmed Combat
  1067 | D:1      | HP: 7/26 [poisoned by an adder]
  1072 | D:1      | HP: 5/26 [poisoned by an adder]
  1079 | D:1      | HP: 4/26 [poisoned by an adder]
  1087 | D:1      | HP: 3/26 [poisoned by an adder]
  1447 | D:2      | Reached XP level 4. HP: 28/32 MP: 13/13
  2102 | D:2      | HP: 9/32 [worker ant (2)]
  2105 | D:2      | Reached skill level 1 in Conjurations
  2105 | D:2      | Reached skill level 1 in Charms
  2105 | D:2      | Reached skill level 1 in Necromancy
  2105 | D:2      | Reached skill level 1 in Translocations
  2105 | D:2      | Reached skill level 1 in Transmutations
  2105 | D:2      | Reached skill level 1 in Fire Magic
  2105 | D:2      | Reached skill level 1 in Ice Magic
  2105 | D:2      | Reached skill level 1 in Air Magic
  2265 | D:2      | Reached XP level 5. HP: 33/37 MP: 14/14
  3334 | D:3      | Reached skill level 3 in Throwing
  3334 | D:3      | Reached skill level 3 in Evocations
  3730 | D:4      | Reached skill level 4 in Earth Magic
  3752 | D:3      | HP: 11/37 [poisoned by a worker ant]
  4063 | D:4      | Reached XP level 6. HP: 14/44 MP: 16/16
  4320 | D:4      | Slain by an ogre

Vault maps used:
D:1:      mrwooster_arrival_statue_3
D:2:      kb_forest_paths
D:3:      lemuel_upstairs_altar, first_ration
D:4:      overflow_temple_1_default, serial_shops, nicolae_shop_statue_plus,
          corner_web_ring, uniq_blork_the_orc

Skill      XL: |  1  2  3  4  5 |
---------------+----------------+-----
Hexes          | 2 |  2.5
Summonings     | 2 |  2.5
Poison Magic   | 2 |  2.5
Invocations    | 1 |  1.9
Fighting       | 1 |  1.7
Short Blades   | 1 |  1.7
Long Blades    | 1 |  1.7
Axes           | 1 |  1.7
Maces & Flails | 1 |  1.7
Polearms       | 1 |  1.7
Staves         | 1 |  1.7
Slings         | 1 |  1.7
Bows           | 1 |  1.7
Crossbows      | 1 |  1.7
Armour         | 1 |  1.7
Dodging        | 1 |  1.7
Stealth        | 1 |  1.7
Shields        | 1 |  1.7
Unarmed Combat | 1 |  1.7
Conjurations   | 1 |  1.3
Charms         | 1 |  1.3
Necromancy     | 1 |  1.3
Translocations | 1 |  1.3
Transmutations | 1 |  1.3
Fire Magic     | 1 |  1.3
Ice Magic      | 1 |  1.3
Air Magic      | 1 |  1.3
Throwing       | 3 |  3.1
Evocations     | 3 |  3.1
Earth Magic    | 4 |  4.0
Spellcasting   | |  7.3

Action                   |  1- 3 |  4- 6 || total
-------------------------+-------+-------++-------
Melee: Hand axe          |    77 |   152 ||   229
       Dagger            |    13 |       ||    13
       Bite              |     7 |    16 ||    23
Throw: Stone             |       |     7 ||     7
       Tomahawk          |       |     8 ||     8
  Use: Scroll            |     4 |     6 ||    10
       Potion            |       |     1 ||     1
  Eat: Chunk             |     2 |     8 ||    10
Armor: Chain mail        |    57 |    99 ||   156
       Robe              |     1 |       ||     1
Dodge: Dodged            |    40 |    54 ||    94

Table legend:
 A = Non-vault XP
 B = Vault XP
 C = Vault XP percentage of total XP
 D = Non-vault monster count
 E = Vault monster count
 F = Vault count percentage of total count
                 A         B        C        D         E       F
            +---------+---------+-------+---------+---------+-------
      Total |     292 |      42 |  12.6 |      66 |       6 |   8.3
            +---------+---------+-------+---------+---------+-------
        D:1 |      70 |       0 |   0.0 |      23 |       0 |   0.0
        D:2 |      91 |      42 |  31.6 |      29 |       6 |  17.1
        D:3 |      33 |       0 |   0.0 |       9 |       0 |   0.0
        D:4 |      98 |       0 |   0.0 |       5 |       0 |   0.0
            +---------+---------+-------+---------+---------+-------

Table legend:
 A = Turns spent in this place as a percentage of turns spent in the entire game.
 B = Non-inter-level travel turns spent in this place as a percentage of non-inter-level travel turns spent in the entire game.
 C = Inter-level travel turns spent in this place as a percentage of turns spent in this place.
 D = Turns resting spent in this place as a percentage of non-inter-level travel turns spent in this place.
 E = Turns spent auto-exploring this place as a percentage of non-inter-level travel turns spent in this place.
 F = Non-inter-level travel turns spent in this place divided by the number of levels of this place that you've seen.
                   A       B       C       D       E      F
               +-------+-------+-------+-------+-------+----------------------
         Total | 100.0 | 100.0 |   1.4 |  42.1 |  34.3 | 1065.2
       Dungeon | 100.0 | 100.0 |   1.4 |  42.1 |  34.3 | 1065.2
               +-------+-------+-------+-------+-------+----------------------

Vault maps used:
D:1:      mrwooster_arrival_statue_3
D:2:      kb_forest_paths
D:3:      lemuel_upstairs_altar, first_ration
D:4:      overflow_temple_1_default, serial_shops, nicolae_shop_statue_plus,
          corner_web_ring, uniq_blork_the_orc
